 Dungeon Crawl Stone Soup version 0.24-a0-584-g9d6b971ae4 (webtiles) character file.

Game seed: 1381438539819621531, levelgen mode: classic

12812 Zar47 the Covert (level 11, 0/47 HPs)
             Began as a Spriggan Enchanter on Aug 22, 2019.
             Was a Priest of Dithmenos.
             Impaled on a porcupine's spines (14 damage)
             ... on level 3 of the Lair of Beasts on Aug 30, 2019.
             The game lasted 02:16:56 (15794 turns).

Zar47 the Covert (Spriggan Enchanter)              Turns: 15794, Time: 02:16:56

Health: 0/47       AC:  5    Str:  4    XL:     11   Next: 67%
Magic:  0/26       EV: 18    Int: 16    God:    Dithmenos [***...]
Gold:   733        SH:  7    Dex: 21    Spells: 21/30 levels left

rFire    . . .     SeeInvis +   G - +2 dagger (venom)
rCold    . . .     Gourm    .   O - +0 buckler {reflect}
rNeg     . . .     Faith    .   b - +0 robe
rPois    +         Spirit   .   (helmet restricted)
rElec    .         Reflect  +   k - +2 cloak
rCorr    +         Harm     .   (gloves unavailable)
MR       +....                  (boots unavailable)
Stlth    ++++++++..             (no amulet)
HPRegen  0.15/turn              P - ring of poison resistance
MPRegen  0.20/turn              r - ring of resist corrosion

@: very slightly contaminated, wreathed by umbra, very quick
A: very small, unfitting armour, see invisible, herbivore, speed 3, slow
metabolism 2
a: Shadow Step, Renounce Religion


You were on level 3 of the Lair of Beasts.
You worshipped Dithmenos.
Dithmenos was most pleased with you.
You were not hungry.

You visited 2 branches of the dungeon, and saw 12 of its levels.

You collected 733 gold pieces.

Inventory:

Hand Weapons
 a - a +1 dagger
 x - a +0 dagger of chaos
 G - a +2 dagger of venom (weapon)
Missiles
 K - 8 atropa-tipped darts (quivered)
Armour
 b - a +0 robe (worn)
 k - a +2 cloak (worn)
 O - a +0 buckler of reflection (worn)
Jewellery
 i - an uncursed ring of protection from fire
 r - a ring of resist corrosion (right hand)
 v - an uncursed ring of protection from cold
 y - a +4 ring of strength
 z - a cursed -3 ring of intelligence {unknown}
 P - a ring of poison resistance (left hand)
Wands
 m - a wand of polymorph (19)
 B - a wand of paralysis (13)
 C - a wand of random effects (6)
 D - a wand of digging (8)
 F - a wand of iceblast (13)
 I - a wand of flame (11)
Scrolls
 c - a scroll of enchant weapon
 l - 2 scrolls of amnesia {unknown}
 n - a scroll of vulnerability {unknown}
 o - 7 scrolls of teleportation {unknown}
 p - 2 scrolls of remove curse
 q - 4 scrolls of blinking {unknown}
 s - 2 scrolls of fog
 t - 2 scrolls of random uselessness {unknown}
 w - 4 scrolls of magic mapping {unknown}
 A - a scroll of enchant armour {unknown}
 E - a scroll of fear {unknown}
 Q - a scroll of summoning {unknown}
Potions
 e - 2 potions of flight {unknown}
 f - 6 potions of curing
 g - 6 potions of heal wounds {unknown}
 h - 2 potions of brilliance {unknown}
 j - a potion of experience {unknown}
 u - 2 potions of haste {unknown}
 H - a potion of magic {unknown}
 J - a potion of agility {unknown}
 L - 2 potions of might {unknown}
 M - a potion of cancellation {unknown}
 N - a potion of berserk rage {unknown}
Comestibles
 d - 14 rations


   Skills:
 + Level 10.6 Short Blades
 - Level 3.0 Dodging
 + Level 14.4 Stealth
 * Level 1.7 Shields
 - Level 10.1 Spellcasting
 - Level 10.4 Hexes
 + Level 5.7 Invocations


You had 21 spell levels left.
You knew the following spells:

 Your Spells              Type           Power        Failure   Level  Hunger
a - Corona                Hex            #####..      1%          1    None
b - Ensorcelled Hibernat  Hex/Ice        ###...       2%          2    None
c - Confuse               Hex            #####...     1%          3    None
d - Tukima's Dance        Hex            #####...     1%          3    None

Your spell library contained the following spells:

 Spells                   Type           Power        Failure   Level  Hunger
 Dazzling Spray           Conj/Hex       ###...       4%          3    None
 Spectral Weapon          Hex/Chrm       ###.....     4%          3    None
 Infusion                 Chrm           #...         13%         1    None
 Shroud of Golubria       Chrm/Tloc      #.....       21%         2    None
 Song of Slaying          Chrm           #.......     21%         2    None
 Regeneration             Chrm/Necr      #.........   36%         3    None


Dungeon Overview and Level Annotations

Branches:
Dungeon (9/15)             Temple (0/1) D:7            Lair (3/6) D:9
 Spider (0/4) Lair:3
  Swamp: Lair:2-4    Shoals: Lair:2-4       Orc: D:9-12

Altars:
Dithmenos
Elyvilon
Makhleb
Nemelex Xobeh
Okawaru
Qazlal
Sif Muna
Uskayaw
Vehumet
Wu Jian
Xom
The Shining One

Shops:
D:4 !   D:5 }   D:6 [::?   D:7 (:*

Annotations:
D:4 wazuzu's ghost, amateur DsFi
Lair:2 exclusion: oklob plant


Innate Abilities, Weirdness & Mutations

You are very small and have problems with some larger weapons.
You are too small for most types of armour.
You have supernaturally acute eyesight. (SInv)
You are a herbivore.
You cover ground extremely quickly.
You need to consume almost no food.


Message History

The spriggan rider hits you but does no damage.
You see here 2 poisoned darts.
Casting: Ensorcelled Hibernation (safe; 2% risk of failure)
Confirm with . or Enter, or press ? or * to list all spells.
Aiming: Ensorcelled Hibernation (safe; 2% risk of failure)
Press: ? - help, Shift-Dir - straight line, f/p - spriggan rider
Aim: a spriggan rider, wielding a -3 spear (moderately wounded, poisoned, umbra, chance to defeat MR: 3%)
The spriggan rider resists with almost no effort.
The spriggan rider hits you from afar with a cursed -3 spear!
* * * LOW HITPOINT WARNING * * *
You block the porcupine's attack.
Casting: Ensorcelled Hibernation (safe; 2% risk of failure)
Confirm with . or Enter, or press ? or * to list all spells.
Aiming: Confuse (safe; 1% risk of failure)
Press: ? - help, Shift-Dir - straight line, f/p - spriggan rider
Aim: a spriggan rider, wielding a -3 spear (heavily wounded, poisoned, umbra, chance to defeat MR: 8%)
The porcupine appears confused.
The porcupine completely misses you. The spriggan rider closely misses you.
You are struck by the porcupine's spines.
You die...

..#^^^...........................
.^^^^............................
.^>^..........................###
#^^^...^..P.........h..........##
##^^^......#....P##r..##.....)#..
^##^#.....#.....####(..##.....#..
.^###.....###...##.#(####......#.
..###.^...##.....ri.(.###......#.
...#.......##...@##...........P#.
..........###..<####.#.P.........
....##.#### #...######.#.......#.
.....####.###........#.#..h.....#
.................................
......................†..........
..##.#.#####..##.##.######P####.#
######## #.#######.# ### ##. ###
### ##


You could see a spriggan rider and a porcupine (confused).

Vanquished Creatures
  Erica (D:9)
  An ugly thing (D:8)
  Joseph (D:9)
  2 black mambas (Lair:1)
  Maurice (D:8)
  2 spiny frogs
  A rime drake (Lair:2)
  3 komodo dragons
  A troll (D:9)
  A polar bear (Lair:1)
  Prince Ribbit (D:5)
  3 hippogriffs
  4 blink frogs (Lair:1)
  Sigmund (D:4)
  A wyvern (D:8)
  7 yaks (Lair:2)
  Menkaure (D:4)
  A hungry ghost (D:9)
  2 basilisks
  6 water moccasins
  2 ice beasts
  A black bear (D:6)
  3 centaurs
  A sky beast (D:5)
  6 ogres
  13 wolves
  5 crocodiles
  A big kobold (D:4)
  A gnoll sergeant (D:8)
  8 bullfrogs
  3 scorpions
  4 killer bees (D:9)
  2 howler monkeys
  A bullfrog zombie (D:9)
  4 crimson imps
  2 quasits (D:9)
  A bullfrog skeleton (D:4)
  2 orc priests
  Crazy Yiuf (D:2)
  A hound (D:5)
  5 jellies
  2 orc wizards
  3 iguanas
  8 worker ants
  A hound zombie (D:8)
  3 hound skeletons
  Robin (D:2)
  4 gnolls (D:8)
  8 adders
  8 oozes
  2 adder skeletons
  3 adder zombies
  3 worms
  2 dart slugs (D:4)
  4 leopard geckos
  25 orcs
  4 giant cockroaches
  21 goblins
  14 hobgoblins
  7 jackals
  5 kobolds
  3 ball pythons
  3 bats
  3 frilled lizards
  A jackal zombie (D:6)
  A leopard gecko zombie (D:5)
  3 rats
  A plant (D:9)
251 creatures vanquished.

Vanquished Creatures (collateral kills)
  An orc (D:8)
1 creature vanquished.

Vanquished Creatures (others)
  A dancing weapon (D:8)
  A fungus (Lair:3)
2 creatures vanquished.

Grand Total: 254 creatures vanquished

Notes
Turn   | Place    | Note
-------+----------+-------------------------------------------
     0 | D:1      | Zar47 the Spriggan Enchanter began the quest for the Orb.
     0 | D:1      | Reached XP level 1. HP: 9/9 MP: 5/5
   755 | D:1      | Reached XP level 2. HP: 13/13 MP: 6/6
   772 | D:1      | Learned a level 2 spell: Ensorcelled Hibernation
  1896 | D:1      | Reached skill level 5 in Stealth
  1896 | D:1      | Reached XP level 3. HP: 16/16 MP: 2/8
  1904 | D:1      | Learned a level 3 spell: Confuse
  1949 | D:2      | Noticed Robin
  2523 | D:2      | Noticed a scorpion
  2533 | D:2      | Killed a scorpion
  2533 | D:2      | Reached XP level 4. HP: 21/21 MP: 2/10
  2682 | D:2      | Found a sparkling altar of Nemelex Xobeh.
  2769 | D:2      | Killed Robin
  3266 | D:2      | Found a runed translucent door.
  3267 | D:2      | Noticed Crazy Yiuf
  3274 | D:2      | Killed Crazy Yiuf
  3274 | D:2      | Reached XP level 5. HP: 24/24 MP: 10/12
  3440 | D:3      | Reached skill level 6 in Stealth
  3445 | D:3      | Learned a level 3 spell: Tukima's Dance
  3451 | D:3      | Found a shadowy altar of Dithmenos.
  3456 | D:3      | Became a worshipper of Dithmenos the Shadowed
  4022 | D:3      | Reached skill level 5 in Hexes
  4186 | D:3      | Upgraded the game from 0.24-a0-580-g6a6c3f83c1 to
                  | 0.24-a0-581-gc0fa6600bf
  4789 | D:4      | Noticed an ogre
  4798 | D:4      | Killed an ogre
  4798 | D:4      | Reached XP level 6. HP: 28/28 MP: 2/13
  4899 | D:4      | Found Himureta's Distillery.
  4970 | D:4      | Noticed Sigmund
  5007 | D:4      | Killed Sigmund
  5007 | D:4      | Reached skill level 7 in Stealth
  5007 | D:4      | Reached skill level 5 in Spellcasting
  5031 | D:4      | Reached XP level 7. HP: 32/32 MP: 4/15
  5205 | D:4      | Noticed Menkaure
  5907 | D:4      | Killed Menkaure
  5907 | D:4      | Reached * piety under Dithmenos
  6193 | D:4      | Reached skill level 8 in Stealth
  6649 | D:4      | You fall into a shaft and drop 1 floor!
  6649 | D:5      | Entered Level 5 of the Dungeon
  6718 | D:5      | Found a hide-covered altar of Uskayaw.
  6754 | D:5      | Noticed Prince Ribbit
  6759 | D:5      | Found Ceytek's Gadget Shoppe.
  6760 | D:5      | Killed Prince Ribbit
  6760 | D:5      | Reached skill level 5 in Short Blades
  6760 | D:5      | Reached XP level 8. HP: 36/36 MP: 15/18
  6780 | D:5      | Found an ornate altar of the Wu Jian Council.
  6879 | D:4      | Reached skill level 9 in Stealth
  6978 | D:4      | Found a glowing golden altar of the Shining One.
  7056 | D:4      | Found a runed translucent gate.
  7057 | D:4      | Found a runed translucent gate.
  7057 | D:4      | Found a runed translucent gate.
  7057 | D:4      | Noticed wazuzu's ghost (amateur DsFi)
  8424 | D:6      | Found Qoher's Armour Shoppe.
  8629 | D:6      | Reached skill level 10 in Stealth
  8633 | D:6      | Found Wuwket's Magic Scroll Boutique.
  8694 | D:6      | Found a shimmering blue altar of Sif Muna.
  8802 | D:6      | Found Hiemooto's Book Shop.
  8836 | D:6      | Reached XP level 9. HP: 25/39 MP: 15/21
  8963 | D:6      | Reached ** piety under Dithmenos
  9080 | D:6      | Found a burning altar of Makhleb.
  9081 | D:6      | Found a shimmering altar of Xom.
  9187 | D:6      | Found Hegiluz's Book Boutique.
  9352 | D:6      | Upgraded the game from 0.24-a0-581-gc0fa6600bf to
                  | 0.24-a0-583-g87330a484a
  9426 | D:7      | Found Hism's General Store.
  9436 | D:7      | Found an iron altar of Okawaru.
  9499 | D:7      | Found Ifenlib's Book Boutique.
  9992 | D:7      | Found a staircase to the Ecumenical Temple.
 10260 | D:7      | Found Kaon's Antique Weapon Boutique.
 10372 | D:7      | Found a white marble altar of Elyvilon.
 11133 | D:8      | Noticed a cyan ugly thing
 11139 | D:8      | Killed a cyan ugly thing
 11139 | D:8      | Reached skill level 11 in Stealth
 11432 | D:8      | Noticed Maurice
 11438 | D:8      | Killed Maurice
 11861 | D:8      | Reached XP level 10. HP: 39/44 MP: 2/24
 12189 | D:9      | Found a stormy altar of Qazlal.
 12381 | D:9      | Noticed Joseph
 12387 | D:9      | Killed Joseph
 12387 | D:9      | Reached skill level 12 in Stealth
 12495 | D:9      | Found a staircase to the Lair.
 12609 | D:9      | Reached *** piety under Dithmenos
 12715 | D:9      | Reached skill level 10 in Hexes
 12784 | D:9      | Noticed Erica
 12798 | D:9      | Killed Erica
 12798 | D:9      | Reached skill level 10 in Spellcasting
 12956 | D:9      | Found a radiant altar of Vehumet.
 13302 | Lair:1   | Entered Level 1 of the Lair of Beasts
 13380 | Lair:1   | Noticed a spiny frog
 13387 | Lair:1   | Killed a spiny frog
 13392 | Lair:1   | Noticed a black mamba
 13399 | Lair:1   | Killed a black mamba
 13503 | Lair:1   | Reached skill level 13 in Stealth
 13509 | Lair:1   | Reached XP level 11. HP: 46/47 MP: 9/26
 13878 | Lair:1   | Upgraded the game from 0.24-a0-583-g87330a484a to
                  | 0.24-a0-584-g9d6b971ae4
 14311 | Lair:2   | Reached skill level 10 in Short Blades
 14550 | Lair:2   | Reached skill level 5 in Invocations
 14564 | Lair:2   | Reached skill level 14 in Stealth
 14633 | Lair:2   | Reached skill level 1 in Shields
 14659 | Lair:2   | Noticed an oklob plant
 15154 | Lair:3   | Found a hole to the Spider Nest.
 15282 | Lair:3   | Noticed a spriggan rider
 15794 | Lair:3   | Impaled on a porcupine's spines

Levels and vault maps discovered:
D:1:      lightli_arrival_statuegarden, layout_basic
D:2:      layout_basic, nemelex_lonely_heart_becter, uniq_crazy_yiuf_cottage,
          uniq_robin
D:3:      layout_basic, first_ration, grunt_dithmenos_smoke_and_mirrors
D:4:      minmay_recursive_quarters, layout_gridville,
          nicolae_tso_swordbearing_angel, gammafunk_ghost_split, serial_shops,
          shop_coins, uniq_sigmund, uniq_menkaure
D:5:      layout_loops_ring, overflow_temple_1_default, lemuel_round_altar,
          serial_shops, nicolae_shop_temple_entry_statues_fountains,
          minmay_misc_feat_rugged, kennysheep_generic_room_8,
          uniq_prince_ribbit1
D:6:      layout_loops_ring, grunt_temple_overflow_champion_of_chaos,
          kennysheep_mini, serial_shops, shop, shop, nicolae_shop_behind_doors,
          nicolae_shop_statue_plus
D:7:      layout_basic, kennysheep_little_box, okawaru_gym_becter,
          minmay_temple_entry_mini_moons, serial_shops, nicolae_shop_trees,
          shop, shop
D:8:      layout_loops_ring, hangedman_little_slice_of_home, uniq_maurice
D:9:      layout_loops_ring, fiery_altar_vehumet, david_lair_shrubbed,
          kennysheep_cross_bottleneck, nicolae_qazlal_eye_of_the_storm,
          uniq_joseph, uniq_erica
Lair:1:   layout_gridlike
Lair:2:   layout_loops_ring, serial_bayou_shore_b, minmay_lair_oklob_chamber
Lair:3:   layout_regular_city, spider_nest_entry_webs,
          grunt_forest_large_clearings, serial_bayou_shore_b, grunt_megastairs_3

Skill      XL: |  1  2  3  4  5  6  7  8  9 10 11 |
---------------+----------------------------------+-----
Spellcasting   | 3 4 5 6 7 9 10 | 10.1
Hexes          | 4 5 6 8 9 10 | 10.4
Stealth        | 5 6 7 8 10 11 13 14 | 14.4
Short Blades   | 2 3 4 5 6 7 9 10 | 10.6
Invocations    | 3 5 |  5.7
Shields        | 1 |  1.7
Dodging        | |  3.0

Action                   |  1- 3 |  4- 6 |  7- 9 | 10-12 || total
-------------------------+-------+-------+-------+-------++-------
Melee: Dagger            |   105 |    55 |   186 |   151 ||   497
 Cast: Corona            |    12 |     1 |    10 |     1 ||    24
       Ensorcelled Hiber |    30 |    55 |   122 |    84 ||   291
       Confuse           |     1 |       |    14 |    12 ||    27
       Tukima's Dance    |       |       |    11 |       ||    11
Invok: Shadow Step       |       |       |     1 |     3 ||     4
Evoke: Wand              |       |       |       |     1 ||     1
  Use: Scroll            |     3 |     1 |     3 |     3 ||    10
       Potion            |     1 |       |     1 |       ||     2
 Stab: Sleeping          |    22 |    42 |    88 |    62 ||   214
       Confused          |       |       |     4 |     4 ||     8
       Distracted        |       |       |     1 |     1 ||     2
  Eat: Ration            |       |     2 |     5 |     2 ||     9
Armor: Robe              |    12 |     2 |    13 |    10 ||    37
Dodge: Dodged            |    85 |    25 |   109 |    76 ||   295
Block: Buckler           |       |       |       |    12 ||    12
       Reflection        |       |       |       |     1 ||     1

Table legend:
 A = Non-vault XP
 B = Vault XP
 C = Vault XP percentage of total XP
 D = Non-vault monster count
 E = Vault monster count
 F = Vault count percentage of total count
                 A         B        C        D         E       F
            +---------+---------+-------+---------+---------+-------
      Total |   13592 |    4712 |  25.7 |     199 |      52 |  20.7
            +---------+---------+-------+---------+---------+-------
        D:1 |      35 |       0 |   0.0 |      20 |       0 |   0.0
        D:2 |     116 |      79 |  40.5 |      16 |      14 |  46.7
        D:3 |     119 |       0 |   0.0 |      22 |       0 |   0.0
        D:4 |     361 |     838 |  69.9 |      22 |      12 |  35.3
        D:5 |     470 |     290 |  38.2 |      10 |       2 |  16.7
        D:6 |     719 |      46 |   6.0 |      16 |       1 |   5.9
        D:7 |     406 |       0 |   0.0 |      17 |       0 |   0.0
        D:8 |    1508 |     620 |  29.1 |      20 |       9 |  31.0
        D:9 |    1838 |    1747 |  48.7 |      20 |       3 |  13.0
     Lair:1 |    3816 |       0 |   0.0 |      15 |       0 |   0.0
     Lair:2 |    3582 |     238 |   6.2 |      17 |       2 |  10.5
     Lair:3 |     622 |     854 |  57.9 |       4 |       9 |  69.2
            +---------+---------+-------+---------+---------+-------
